 Dungeon Crawl Stone Soup version 0.18-a0-952-g309898a (webtiles) character file.

109 M4edhros the Charlatan (level 4, 0/28 HPs)
             Began as an Octopode Artificer on Dec 30, 2015.
             Slain by a river rat (8 damage)
             ... in a sewer.
             The game lasted 00:03:04 (1376 turns).

M4edhros the Charlatan (Octopode Artificer)         Turns: 1376, Time: 00:03:05

Health: 0/28       AC:  1    Str: 10    XL:     4   Next: 89%
Magic:  7/7        EV:  8    Int: 13    God:
Gold:   41         SH: 11    Dex: 12    Spells: 0 memorised, 3 levels left

rFire  . . .     SeeInvis .     a - +0 short sword
rCold  . . .     Gourm    .     i - +0 large shield
rNeg   . . .     Faith    .     (helmet restricted)
rPois  .         Spirit   .     (no amulet)
rElec  .         Dismiss  .     l - -2 ring of intelligence
rCorr  .         Reflect  .     (no ring)
SustAt .         Harm     .     (no ring)
MR     .....                    (no ring)
Stlth  ++++......               (no ring)
                                (no ring)
                                (no ring)
                                (no ring)

@: lethally poisoned (0 -> -9), not resistant to hostile enchantments, stealthy
A: almost no armour, amphibious, 8 rings, constrict 8, camouflage 1, gelatinous
body 1
a: no special abilities


You were in a sewer.
You were hungry.

You visited 1 branch of the dungeon, and saw 3 of its levels.
You also visited: Sewer.

You collected 41 gold pieces.

Inventory:

Hand Weapons
 a - a +0 short sword (weapon)
 m - a +0 hunting sling
 r - a +0 hunting sling
Missiles
 n - 43 stones (quivered)
 o - a throwing net
Armour
 i - a +0 large shield (worn)
Jewellery
 l - a -2 ring of intelligence (left tentacle)
Wands
 b - a wand of flame (14/48)
 c - a wand of enslavement (14/24)
 d - a wand of random effects (15/48)
Scrolls
 p - a scroll of identify {unknown}
 q - a scroll of noise {unknown}
Potions
 e - 3 potions of curing {unknown}
 j - a potion of cancellation {unknown}
Comestibles
 f - a bread ration
 g - 2 meat rations


   Skills:
 - Level 1.0 Fighting
 - Level 1.0 Short Blades
 + Level 2.7 Dodging
 + Level 3.3 Stealth
 * Level 2.3 Shields
 + Level 4.0 Evocations


You had 3 spell levels left.
You didn't know any spells.

Dungeon Overview and Level Annotations

Branches:
Dungeon (3/15)

Altars:


Innate Abilities, Weirdness & Mutations

You cannot wear most types of armour.
You are amphibious.
You can wear up to eight rings at the same time.
You can use your tentacles to constrict eight enemies at once.
Your skin changes colour to match your surroundings (Stealth).
Your rubbery body absorbs attacks (AC +1).


Message History

The adder poisons you! You block the adder's attack.
You miss the adder. Your grab misses the adder.
You feel sick. You block the adder's attack. The adder bites you.
Your shield prevents you from hitting the adder.
Your grab misses the adder. Your squeeze misses the adder.
The river rat bites you!
The rat twitches its whiskers.
The adder bites you.
You are lethally poisoned!
The adder poisons you!
Drink which item? (? for menu, Esc to quit)
Okay, then.
Evoke which item? (* to show all) (? for menu, Esc to quit)
Zapping:
c - a wand of enslavement (15/24)
Press: ? - help, Shift-Dir - straight line, f - adder
Aim: an adder (water, chance to defeat MR: 63%)
The adder is charmed.
This wand has 14 charges left.
* * * LOW HITPOINT WARNING * * *
You feel sick. The river rat bites you!
You die...

###..######...## #### ≈#
##..#####......###..#########≈≈#
.....##.÷.............#..#.!#≈≈#
......................#.....#≈≈#
......................'÷)..##≈≈
.................≈≈...#†....#≈≈#
..........≈≈..≈≈≈≈≈≈≈≈#..#.!#≈≈#
.≈.......≈.≈≈≈≈≈≈≈≈≈≈≈#######≈≈#
≈..≈.≈..≈≈≈≈≈≈≈S@≈≈≈≈≈# ≈#
≈≈≈≈≈≈≈≈≈≈≈≈≈≈≈r≈≈≈≈≈≈≈# #
≈≈≈≈≈≈≈≈≈≈r≈≈≈≈≈≈≈≈≈≈≈#≈
..≈...≈.≈.≈≈rrr≈≈≈≈≈≈≈≈#
.........≈.r≈r≈≈≈≈≈≈≈≈#≈
.......r##.r....##≈≈≈≈≈#
.......####......##..≈##
...†...# ........ ...#
........rr........


You could see a river rat, 7 rats and a friendly adder.

Vanquished Creatures
  Terence (D:3)
  2 adders
  A river rat (Sewer)
  A giant gecko (D:3)
  2 orcs (D:3)
  3 bats
  3 giant cockroaches
  6 goblins
  7 hobgoblins
  3 jackals
  9 kobolds
  3 ball pythons
  10 rats
51 creatures vanquished.

Notes
Turn   | Place    | Note
--------------------------------------------------------------
     0 | D:1      | M4edhros the Octopode Artificer began the quest for the Orb.
     0 | D:1      | Reached XP level 1. HP: 13/13 MP: 3/3
    98 | D:1      | Reached XP level 2. HP: 13/18 MP: 4/4
   395 | D:2      | Reached skill level 1 in Shields
   487 | D:3      | Noticed Terence
   574 | D:3      | Killed Terence
   574 | D:3      | Reached XP level 3. HP: 14/23 MP: 5/5
   658 | D:3      | Reached XP level 4. HP: 9/28 MP: 6/6
   809 | D:3      | Found a glowing drain.
   825 | Sewer    | Entered a sewer
  1134 | Sewer    | Reached skill level 4 in Evocations
  1376 | Sewer    | Slain by a river rat

Vault maps used:
D:1:      minmay_arrival_radiant_lines, minivault_26, lemuel_old_faithful
D:2:      serial_bayou_lagoon_b
D:3:      first_bread, portal_sewer_entry_d, minmay_goblin_outpost, uniq_terence
Sewer:    sewer_minmay_treatment

Action                   |  1- 3 |  4- 6 || total
-------------------------+-------+-------++-------
Melee: Short sword       |    61 |    50 ||   111
Evoke: Wand              |       |     2 ||     2
  Use: Scroll            |       |     2 ||     2
 Stab: Sleeping          |     3 |     5 ||     8
  Eat: Chunk             |       |     1 ||     1
